[Event "Titled Tuesday Blitz March 29 Early 2022"]
[White "Shtyka, Sergey"]
[Black "Cupid, Kevin"]
[WhiteFideId "4138465"]
[BlackFideId "7700512"]
[WhiteElo "2014"]
[BlackElo "2096"]
[Result "1-0"]
[Round "05"]
[TimeControl "180+1"]
[Date "2022.03.30"]
[WhiteClock "0:00:42"]
[BlackClock "0:00:11"]

1. e4 c6 2. Nf3 d5 3. Nc3 Bg4 4. h3 Bxf3 5. Qxf3 Nf6 6. d3 e6 7. a3 Nbd7 8. g3 Bc5 9. Bg2 a5 10. O-O dxe4 11. dxe4 O-O 12. Rd1 Qc7 13. Bf4 e5 14. Be3 Rfe8 15. Rd2 a4 16. Rad1 Bxe3 17. Qxe3 Nf8 18. Bf1 Ne6 19. Bc4 Nd4 20. Ne2 Qb6 21. Nxd4 exd4 22. Qxd4 Qxd4 23. Rxd4 b5 24. Bd3 c5 25. Rd6 c4 26. Bf1 Nxe4 27. Rd7 Nc5 28. R7d5 Rac8 29. Kg2 Kf8 30. R1d2 g6 31. Re2 Rxe2 32. Bxe2 Ke7 33. Bf3 Ke6 34. Kf1 f5 35. Ke2 Rc7 36. Ke3 Kf6 37. h4 Ke6 38. Kd4 Nb7 39. Rxb5 Nd6 40. Bd5+ Ke7 41. Rb6 c3 42. bxc3 h6 43. c4 g5 44. c5 Nc8 45. Rxh6 gxh4 46. gxh4 1-0


[Site "https://www.chess.com"]

[Event "Titled Tuesday Blitz March 29 Early 2022"]
[White "Shuvalov, Evgenij"]
[Black "Jary, Sergey"]
[WhiteFideId "4187237"]
[BlackFideId "14110350"]
[WhiteElo "2151"]
[BlackElo "2260"]
[Result "0-1"]
[Round "05"]
[TimeControl "180+1"]
[Date "2022.03.30"]
[WhiteClock "0:00:15"]
[BlackClock "0:00:29"]

1. Nf3 d6 2. d4 g6 3. c4 Nf6 4. Nc3 Bg7 5. e4 O-O 6. Be2 e5 7. O-O Na6 8. Be3 Qe7 9. d5 Nc5 10. Nd2 a5 11. a3 a4 12. Bxc5 dxc5 13. Nxa4 b6 14. Nc3 Ne8 15. Nb5 Bh6 16. Bd3 Nd6 17. Nxd6 cxd6 18. b4 cxb4 19. Nb1 Bd7 20. Qb3 bxa3 21. Rxa3 Rxa3 22. Nxa3 Ra8 23. Nc2 Qe8 24. Qxb6 Bf8 25. Rb1 Qc8 26. Ne3 f5 27. Qb7 f4 28. Qxc8 Bxc8 29. Nc2 g5 30. h3 h5 31. Nb4 g4 32. hxg4 hxg4 33. Nc6 Kf7 34. Bf1 Kf6 35. Rb8 Rxb8 36. Nxb8 Be7 37. Nc6 g3 38. Nxe7 gxf2+ 39. Kxf2 Kxe7 40. Be2 Bd7 41. Ke1 Kd8 42. Kd2 Kc7 43. Kc3 Kb6 44. Kb4 Be8 45. Bg4 Bf7 46. Bf3 Bg6 47. Kb3 Kc5 48. Kc3 Be8 49. Be2 Bd7 50. Bf3 Bc8 51. Be2 Ba6 52. Bf1 Bc8 53. Be2 Bd7 54. Bf1 Ba4 55. Be2 Kb6 56. Kb4 Bc2 57. Bf3 Bb1 58. Kc3 Kc5 59. Kb3 Bd3 60. Kc3 Bxc4 61. Kd2 Kd4 62. Kc2 Bd3+ 63. Kd2 Bxe4 64. Bxe4 Kxe4 0-1


[Site "https://www.chess.com"]

[Event "Titled Tuesday Blitz March 29 Early 2022"]
[White "Shuvalova, Polina"]
[Black "Aaditya Dhingra"]
[WhiteFideId "24171760"]
[BlackFideId "25678191"]
[WhiteElo "2701"]
[BlackElo "2497"]
[Result "1-0"]
[Round "05"]
[TimeControl "180+1"]
[Date "2022.03.30"]
[WhiteClock "0:00:05"]
[BlackClock "0:00:04"]

1. d4 Nf6 2. Nf3 e6 3. Bf4 c5 4. e3 Nc6 5. Nbd2 d5 6. c3 cxd4 7. exd4 Nh5 8. Be3 Bd6 9. Ne5 g6 10. g4 Ng7 11. h4 Nxe5 12. dxe5 Bxe5 13. h5 gxh5 14. f4 Bd6 15. Bd4 Rg8 16. Bd3 Bxf4 17. Bxh7 Bg3+ 18. Kf1 e5 19. Bxg8 Bxg4 20. Qa4+ Bd7 21. Qb3 exd4 22. Qxd5 Qf6+ 23. Qf3 Qxf3+ 24. Nxf3 Bf5 25. Kg2 Bd6 26. Ng5 Bf4 27. Bxf7+ Kf8 28. Rhf1 Bxg5 29. Bg6 Ke7 30. Bxf5 Rf8 31. Rae1+ Kd6 32. Bd3 Rxf1 33. Rxf1 dxc3 34. bxc3 Ne6 35. Be4 b6 36. Kf3 Ke5 37. Rd1 Nc5 38. Rd5+ Kf6 39. Rf5+ 1-0


[Site "https://www.chess.com"]

[Event "Titled Tuesday Blitz March 29 Early 2022"]
[White "Skliarov, Viktor"]
[Black "Xu, Yi"]
[WhiteFideId "14106736"]
[BlackFideId "8605564"]
[WhiteElo "2229"]
[BlackElo "2471"]
[Result "0-1"]
[Round "05"]
[TimeControl "180+1"]
[Date "2022.03.29"]
[WhiteClock "0:00:05"]
[BlackClock "0:00:09"]

1. e4 c5 2. Nf3 d6 3. d4 cxd4 4. Qxd4 Nf6 5. Nc3 Nc6 6. Bb5 Bd7 7. Bxc6 Bxc6 8. Bg5 e6 9. O-O-O Be7 10. Rhe1 Qa5 11. Kb1 O-O 12. Qd2 Qc7 13. Nd4 a6 14. f3 b5 15. g4 b4 16. Nce2 a5 17. h4 a4 18. h5 b3 19. cxb3 axb3 20. a3 Bxe4+ 21. fxe4 Nxe4 22. Qe3 Nxg5 23. h6 Bf6 24. hxg7 Rfb8 25. Rc1 Qb6 26. Qd3 Ra4 27. Red1 Kxg7 28. Nc6 Rba8 29. Ng3 Bxb2 30. Nh5+ Kh8 31. Kxb2 Rxa3 32. Qd4+ Qxd4+ 33. Nxd4 Ne4 34. Ra1 Ra2+ 35. Rxa2 bxa2 36. Ra1 Nf2 37. Rxa2 Rxa2+ 38. Kxa2 Nxg4 39. Kb3 Kg8 40. Kc3 Kf8 41. Kd3 Ke7 42. Ke4 Nf6+ 43. Nxf6 Kxf6 44. Nb5 d5+ 45. Kf4 e5+ 46. Kg4 Ke6 47. Nc7+ Kd6 48. Ne8+ Kd7 49. Nf6+ Ke6 50. Nxh7 f5+ 51. Kf3 f4 52. Ng5+ Kf5 53. Nf7 e4+ 54. Ke2 d4 55. Nd6+ Ke5 56. Nf7+ Kd5 57. Ng5 f3+ 58. Kf2 Ke5 59. Nf7+ Kf4 60. Nd6 e3+ 61. Kf1 d3 62. Nc4 d2 63. Nb2 e2+ 64. Kf2 d1=Q 65. Nxd1 exd1=N+ 66. Ke1 Ke3 67. Kf1 f2 68. Kg2 Ke2 69. Kg3 f1=Q 70. Kh4 Qg2 71. Kh5 Kf3 0-1


[Site "https://www.chess.com"]

[Event "Titled Tuesday Blitz March 29 Early 2022"]
[White "Srinath, Rao S.V."]
[Black "Wu, Sibo"]
[WhiteFideId "5028876"]
[BlackFideId "8606048"]
[WhiteElo "2181"]
[BlackElo "2336"]
[Result "1/2-1/2"]
[Round "05"]
[TimeControl "180+1"]
[Date "2022.03.30"]
[WhiteClock "0:01:32"]
[BlackClock "0:00:10"]

1. e4 c5 2. Nf3 Nc6 3. c3 d5 4. exd5 Qxd5 5. d4 e6 6. Be2 Nf6 7. O-O Be7 8. Be3 cxd4 9. Nxd4 Nxd4 10. Bxd4 O-O 11. Nd2 e5 12. Be3 Bf5 13. Bc4 Qd7 14. h3 Bd3 15. Bxd3 Qxd3 16. Re1 Rfd8 17. Qe2 Qxe2 18. Rxe2 Nd5 19. Rae1 Nxe3 20. fxe3 b5 21. e4 Rd3 22. Kh2 Rad8 23. Nf1 a5 24. Ne3 Bh4 25. g3 Bg5 26. Nd5 f5 27. h4 fxe4 28. hxg5 R8xd5 29. Rxe4 Kf7 30. Kh3 Ke6 31. a4 Rd2 32. b4 bxa4 33. c4 R5d4 34. Rxe5+ Kf7 35. bxa5 Rxc4 36. Re7+ Kg6 37. R1e6+ Kxg5 38. Rxg7+ Kf5 39. Rh6 Rc1 40. Rh5+ Kf6 41. Rgxh7 a3 42. R7h6+ Kg7 43. Rh7+ Kg6 44. R5h6+ Kg5 45. Rh5+ Kg6 46. Kh4 Rd4+ 47. g4 Rh1+ 48. Kg3 Rxh5 49. Rxh5 a2 50. Rh1 Ra4 51. Ra1 Rxa5 52. Kf3 Kg5 53. Ke3 Kxg4 54. Kd3 Kf4 55. Kc3 Ke3 56. Kb4 Ra8 57. Kb3 Kd3 58. Rd1+ Ke2 59. Ra1 Kd2 60. Rxa2+ Rxa2 61. Kxa2 1/2-1/2


[Site "https://www.chess.com"]

[Event "Titled Tuesday Blitz March 29 Early 2022"]
[White "Steinberg, Nitzan"]
[Black "Fedoseev, Vladimir"]
[WhiteFideId "2801795"]
[BlackFideId "24130737"]
[WhiteElo "2440"]
[BlackElo "2726"]
[Result "1-0"]
[Round "05"]
[TimeControl "180+1"]
[Date "2022.03.29"]
[WhiteClock "0:00:11"]
[BlackClock "0:00:07"]

1. e4 c5 2. Nf3 d6 3. d4 cxd4 4. Nxd4 Nf6 5. Nc3 a6 6. h4 h6 7. Be2 e5 8. Nb3 Be6 9. f4 b5 10. f5 Bc8 11. a4 b4 12. Nd5 Bb7 13. Nxf6+ Qxf6 14. Bf3 Nc6 15. Be3 g5 16. fxg6 Qxg6 17. O-O h5 18. c3 bxc3 19. bxc3 Be7 20. Rb1 Nd8 21. Qd3 a5 22. Nd2 Ba6 23. Qd5 Rc8 24. c4 O-O 25. Rb6 Bb7 26. Rxb7 Nxb7 27. Qxb7 Bxh4 28. Qd5 Rb8 29. c5 dxc5 30. Nc4 Rbd8 31. Qxc5 Bg5 32. Nxe5 Qd6 33. Nc4 Bxe3+ 34. Qxe3 Qd4 35. Bxh5 Qxe3+ 36. Nxe3 Rd4 37. Nd5 Rxa4 38. e5 Kg7 39. Rf3 Rd4 40. Ne7 Re4 41. Nf5+ Kh8 42. Nd6 Re1+ 43. Kh2 Kg7 44. Nxf7 a4 45. Rg3+ Kh7 46. Bg6+ Kg7 47. Bh5+ Kh7 48. e6 a3 49. Rxa3 Kg7 50. Rg3+ Kf6 51. Rf3+ Ke7 52. Ng5 Rh8 53. g4 Re5 54. Rf7+ Kd6 55. Rg7 Re3 56. Nf7+ Kxe6 57. Nxh8 Rd3 58. Rf7 Ke5 59. Rf5+ Ke4 60. Ng6 Ra3 61. Rf4+ Ke3 62. Kg3 Ra1 63. Kh4 Rh1+ 64. Kg5 Ra1 65. Rf5 Ke4 66. Nf4 Ra8 67. Bg6 Ke3 68. Nh5 Ra4 69. Nf6 Rb4 70. Kh6 Ke2 71. g5 Ke3 72. Kg7 Rb7+ 73. Bf7 Rb5 74. Rxb5 1-0


[Site "https://www.chess.com"]

[Event "Titled Tuesday Blitz March 29 Early 2022"]
[White "Suarez Uriel, Adrian"]
[Black "Johnson, Ben"]
[WhiteFideId "22230874"]
[BlackFideId "2010917"]
[WhiteElo "2316"]
[BlackElo "2205"]
[Result "1-0"]
[Round "05"]
[TimeControl "180+1"]
[Date "2022.03.30"]
[WhiteClock "0:00:50"]
[BlackClock "0:00:02"]

1. d4 Nf6 2. c4 e6 3. Nf3 d5 4. g3 dxc4 5. Bg2 c5 6. Qa4+ Bd7 7. Qxc4 b5 8. Qc2 Nc6 9. dxc5 Rc8 10. a3 a5 11. O-O Qe7 12. Nc3 Qxc5 13. Be3 Qh5 14. Rfd1 Bc5 15. Nxb5 Nd8 16. Bxc5 Rxc5 17. Nd6+ Ke7 18. Qd2 Rd5 19. Qe3 Rxd6 20. Rxd6 Kxd6 21. Rd1+ Ke7 22. Ne5 Nc6 23. Nxd7 Nxd7 24. Bxc6 Rd8 25. Bxd7 Rxd7 26. Rxd7+ Kxd7 27. Qa7+ Ke8 28. Qb8+ Ke7 29. Qc7+ Kf6 30. Qd8+ Kg6 31. Qd3+ Kf6 32. b4 Qe5 33. bxa5 Qa1+ 34. Kg2 e5 35. a6 1-0


[Site "https://www.chess.com"]

[Event "Titled Tuesday Blitz March 29 Early 2022"]
[White "Talibov, Shiroghlan"]
[Black "Vlassov, Nikolai"]
[WhiteFideId "13429078"]
[BlackFideId "4103360"]
[WhiteElo "2721"]
[BlackElo "2550"]
[Result "0-1"]
[Round "05"]
[TimeControl "180+1"]
[Date "2022.03.30"]
[WhiteClock "0:01:31"]
[BlackClock "0:02:21"]

1. d4 Nf6 2. c4 Nc6 3. Nf3 e6 4. Nc3 Bb4 5. Bg5 h6 6. Bxf6 Bxc3+ 7. bxc3 Qxf6 8. g3 b6 9. Bg2 Bb7 10. Ne5 O-O-O 11. Nxc6 Bxc6 12. Bxc6 dxc6 13. Qa4 Kb7 14. O-O h5 15. Kg2 h4 16. Rh1 h3+ 17. Kf1 e5 18. e3 Qf3 19. Rg1 exd4 20. cxd4 Rhe8 21. Qd1 Rxe3 22. Qxf3 Rxf3 23. Ke2 Ra3 24. Rgd1 Re8+ 25. Kf1 Re4 26. Rd2 Rc3 0-1


[Site "https://www.chess.com"]

[Event "Titled Tuesday Blitz March 29 Early 2022"]
[White "Tan, Jun Ying"]
[Black "Martin, Lewis"]
[WhiteFideId "5710413"]
[BlackFideId "410551"]
[WhiteElo "1827"]
[BlackElo "2145"]
[Result "1-0"]
[Round "05"]
[TimeControl "180+1"]
[Date "2022.03.30"]
[WhiteClock "0:00:22"]
[BlackClock "0:00:10"]

1. Nf3 Nf6 2. b3 c5 3. Bb2 Nc6 4. c4 d5 5. cxd5 Nxd5 6. g3 Bf5 7. Bg2 e6 8. O-O Qc7 9. Nc3 O-O-O 10. Rc1 Kb8 11. Nh4 Bg6 12. Nxg6 hxg6 13. Nxd5 exd5 14. d4 cxd4 15. Bxd4 f6 16. Be3 g5 17. b4 Bxb4 18. Qb3 Qa5 19. Rxc6 bxc6 20. Rb1 c5 21. a3 d4 22. axb4 cxb4 23. Qf7 Qb6 24. Bd2 a5 25. Qxg7 Rhe8 26. Bf3 Rc8 27. Qg6 Red8 28. Qe4 Ka7 29. Bxb4 Re8 30. Qh7+ Rc7 31. Bc5 Qxc5 32. Rb7+ Ka6 33. Rxc7 Qb6 34. Rc6 Qxc6 35. Bxc6 1-0


[Site "https://www.chess.com"]

[Event "Titled Tuesday Blitz March 29 Early 2022"]
[White "Tanenbaum, Zachary"]
[Black "Dushyant Sharma"]
[WhiteFideId "2060850"]
[BlackFideId "25065130"]
[WhiteElo "2683"]
[BlackElo "2427"]
[Result "0-1"]
[Round "05"]
[TimeControl "180+1"]
[Date "2022.03.30"]
[WhiteClock "0:00:02"]
[BlackClock "0:00:12"]

1. e4 d5 2. exd5 Nf6 3. Bb5+ c6 4. dxc6 Nxc6 5. Nf3 Bg4 6. d4 e6 7. c3 Bd6 8. O-O h6 9. h3 Bh5 10. Re1 O-O 11. Bxc6 bxc6 12. Nbd2 Rb8 13. Nc4 Bc7 14. Qd3 Qd5 15. Nfe5 Rfd8 16. Bf4 Rb7 17. Qg3 c5 18. Bxh6 Bg6 19. Bf4 cxd4 20. Nxg6 Bxf4 21. Nxf4 Qxc4 22. cxd4 Rxb2 23. Rac1 Qxd4 24. Rc7 Ne4 25. Qh4 g5 26. Rxe4 gxh4 27. Rxd4 Rxd4 28. Nh5 Rd1+ 29. Kh2 Rxf2 30. Rc4 Rdd2 31. Rg4+ Kf8 32. a4 a5 33. Nf4 e5 34. Nh5 f5 35. Rg5 e4 36. Nf6 e3 37. Rh5 e2 38. Rh8+ Kf7 39. Rh7+ Kxf6 40. Rh5 Rxg2+ 41. Kxg2 e1=Q+ 42. Kf3 Qf2# 0-1


[Site "https://www.chess.com"]

[Event "Titled Tuesday Blitz March 29 Early 2022"]
[White "Terletsky, Oleg"]
[Black "Migot, Tangi"]
[WhiteFideId "14116774"]
[BlackFideId "662445"]
[WhiteElo "2064"]
[BlackElo "2518"]
[Result "0-1"]
[Round "05"]
[TimeControl "180+1"]
[Date "2022.03.30"]
[WhiteClock "0:00:03"]
[BlackClock "0:00:20"]

1. e4 e5 2. Nf3 d6 3. d4 exd4 4. Nxd4 Nf6 5. Nc3 Be7 6. Bf4 O-O 7. Qd2 c6 8. O-O-O b5 9. f3 Qa5 10. Kb1 b4 11. Nce2 d5 12. e5 Ne8 13. g4 Nc7 14. Nf5 Re8 15. Neg3 Ne6 16. Nxe7+ Rxe7 17. Nf5 Re8 18. Bh6 Qd8 19. Bd3 gxh6 20. Nxh6+ Kf8 21. h4 Ng7 22. f4 Nd7 23. Bxh7 a5 24. Bg8 f6 25. Bf7 Re7 26. Bg6 Ne6 27. exf6 Nxf6 28. f5 Nc5 29. Qd4 Qd6 30. g5 Ng8 31. Qh8 Rg7 32. Nxg8 Rxg8 33. Qh6+ Ke7 34. f6+ Kd8 35. Rhe1 Kc7 36. Qh7+ Bd7 37. Re7 Rh8 38. Qg7 Rag8 39. Qf7 Rf8 40. Qg7 Ne6 41. Rxe6 Qxe6 42. a3 bxa3 43. bxa3 Rfg8 44. Qf7 Rb8+ 45. Ka1 Qe5+ 0-1


[Site "https://www.chess.com"]

[Event "Titled Tuesday Blitz March 29 Early 2022"]
[White "Thomas, Anysia"]
[Black "Manukyan, Sargis A."]
[WhiteFideId "670472"]
[BlackFideId "13303970"]
[WhiteElo "2002"]
[BlackElo "2187"]
[Result "0-1"]
[Round "05"]
[TimeControl "180+1"]
[Date "2022.03.30"]
[WhiteClock "0:00:02"]
[BlackClock "0:00:36"]

1. d4 d5 2. c4 e6 3. Nf3 Nf6 4. g3 Be7 5. Bg2 O-O 6. O-O dxc4 7. Ne5 Nc6 8. Bxc6 bxc6 9. Nxc6 Qe8 10. Nxe7+ Qxe7 11. Qa4 c5 12. Qa3 Nd7 13. Be3 Bb7 14. Nc3 Rfc8 15. Rfd1 Kf8 16. dxc5 Nxc5 17. Nb5 Ne4 18. Nd6 Nxd6 19. Rxd6 Kg8 20. Rad1 Qc7 21. Qb4 Bd5 22. Bf4 Qb7 23. Qxb7 Bxb7 24. f3 h6 25. Kf2 a5 26. R1d2 Bc6 27. e4 a4 28. Be3 a3 29. bxa3 Rxa3 30. Bc5 Ra5 31. Bb4 Rb5 32. a3 Kh7 33. Ke3 Kg6 34. Rc2 Be8 35. Rc3 Rb7 36. Rd4 Bb5 37. f4 f6 38. Rd6 Kf7 39. Rd4 Rbc7 40. Rd6 Rd7 41. Rxd7+ Bxd7 42. Kd4 Bb5 43. a4 e5+ 44. fxe5 fxe5+ 45. Kxe5 Bxa4 46. Kd4 Bb3 47. e5 Ke6 48. Bd6 Ra8 49. h3 Ra1 50. g4 Rd1+ 51. Kc5 Rd3 52. Kb4 Rd2 53. h4 Rg2 54. h5 Rxg4 55. Kc5 Rh4 56. Rg3 Rxh5 57. Rxg7 c3 58. Rd7 Kxd7 0-1


[Site "https://www.chess.com"]

[Event "Titled Tuesday Blitz March 29 Early 2022"]
[White "Tiarks, Jann-Christian"]
[Black "Manon, Reja Neer"]
[WhiteFideId "12951595"]
[BlackFideId "10224009"]
[WhiteElo "2176"]
[BlackElo "1911"]
[Result "1-0"]
[Round "05"]
[TimeControl "180+1"]
[Date "2022.03.30"]
[WhiteClock "0:01:17"]
[BlackClock "0:01:57"]

1. e4 c6 2. d4 d5 3. exd5 cxd5 4. Bd3 Nf6 5. Ne2 e6 6. O-O Bd6 7. Bf4 Nc6 8. c3 O-O 9. Nd2 Bxf4 10. Nxf4 Qd6 11. g3 h6 12. Re1 Bd7 13. Nf3 Rfe8 14. Ne5 Ne7 15. Rc1 Rac8 16. Qf3 b5 17. Nh5 Nf5 18. Bxf5 exf5 19. Nxf6+ gxf6 20. Nd3 Re4 21. Nc5 Rxc5 22. dxc5 Qxc5 23. Rcd1 Be6 24. Rxe4 dxe4 25. Qe3 Qxe3 26. fxe3 Bxa2 27. Rd7 a5 28. Ra7 a4 29. Kf2 Bc4 30. Rc7 Kg7 31. Rc5 Kg6 32. Kg2 Kg5 33. Kf2 Kg4 34. h3+ Kg5 35. g4 Kg6 36. Rxf5 Kg7 37. Kg3 Bd3 38. Kf4 Kg6 39. Rd5 Bc4 40. Rd4 Bd3 41. h4 h5 42. Rd5 hxg4 43. Kxg4 Be2+ 44. Kf4 Bd3 45. Rd8 Kh5 46. Rg8 f5 47. Kxf5 Kxh4 48. Rg7 Kh3 49. Ke5 Kh4 50. Rxf7 Kg3 51. Kd5 Kg2 52. Rf4 a3 53. bxa3 Bc4+ 1-0


[Site "https://www.chess.com"]

[Event "Titled Tuesday Blitz March 29 Early 2022"]
[White "Timofeev, Artyom"]
[Black "Rastbod, Ali"]
[WhiteFideId "4140419"]
[BlackFideId "12567477"]
[WhiteElo "2594"]
[BlackElo "2200"]
[Result "1-0"]
[Round "05"]
[TimeControl "180+1"]
[Date "2022.03.29"]
[WhiteClock "0:00:33"]
[BlackClock "0:00:02"]

1. e4 g6 2. d4 Bg7 3. Nf3 d6 4. Bc4 a6 5. Qe2 e6 6. c3 b5 7. Bb3 Bb7 8. Bg5 Ne7 9. Nbd2 h6 10. Bf4 Nd7 11. Bg3 O-O 12. O-O Kh7 13. a4 bxa4 14. Bxa4 d5 15. Bxd7 Qxd7 16. Be5 Rab8 17. Bxg7 Kxg7 18. Ne5 Qd6 19. Nd3 dxe4 20. Nxe4 Qd5 21. Ndc5 f5 22. Nxb7 fxe4 23. Nc5 e5 24. Rxa6 Rb6 25. Ra7 exd4 26. cxd4 Qxd4 27. b4 Rf7 28. Rxc7 Qxb4 29. Nxe4 Re6 30. Re1 Nd5 31. Rxf7+ Kxf7 32. Ng5+ hxg5 33. Qxe6+ Kg7 34. Qe5+ Kh7 35. Qe4 Qc3 36. g3 Nf6 37. Qe7+ Kh6 38. Qe5 Qc6 39. Qd4 Ng4 40. Qxg4 1-0


[Site "https://www.chess.com"]

[Event "Titled Tuesday Blitz March 29 Early 2022"]
[White "Toncheva, Nadya"]
[Black "Ezat, Mohamed"]
[WhiteFideId "2924056"]
[BlackFideId "10600906"]
[WhiteElo "1884"]
[BlackElo "2386"]
[Result "1-0"]
[Round "05"]
[TimeControl "180+1"]
[Date "2022.03.29"]
[WhiteClock "0:00:11"]
[BlackClock "0:00:15"]

1. e4 Nf6 2. e5 Nd5 3. d4 d6 4. c4 Nb6 5. exd6 exd6 6. Nf3 Bg4 7. Be2 Be7 8. Be3 O-O 9. O-O Nc6 10. b3 Bf6 11. Nc3 d5 12. c5 Nc8 13. h3 Bh5 14. Qd2 Re8 15. Rfd1 h6 16. a3 N8e7 17. Qc2 Bg6 18. Bd3 Bxd3 19. Qxd3 Qd7 20. b4 a6 21. Re1 Nf5 22. Rad1 Re7 23. g4 Nxe3 24. Rxe3 Rxe3 25. fxe3 Re8 26. e4 dxe4 27. Nxe4 Qd5 28. Nxf6+ gxf6 29. Kg2 Re4 30. Kg3 h5 31. Qd2 hxg4 32. hxg4 Qe6 33. d5 Qxg4+ 34. Kf2 Ne5 35. Rg1 f5 36. Rxg4+ Nxg4+ 37. Kg3 Re3 38. Kf4 Rxa3 39. Kxf5 Ne3+ 40. Ke4 Nc4 41. Qg5+ Kf8 42. Ne5 Re3+ 43. Qxe3 Nxe3 44. Kxe3 Ke7 45. Ke4 f6 46. Nc4 Kf7 47. Kf5 Ke7 48. d6+ cxd6 49. cxd6+ Kd7 50. Kxf6 b5 51. Nb2 Kxd6 52. Nd3 Kd5 53. Nc5 Kc4 54. Nxa6 Kd5 55. Kf5 Kc6 56. Ke4 Kb6 57. Nc5 Kc6 58. Kd4 Kd6 59. Nd3 Kc6 60. Ke5 Kc7 61. Kd5 Kb6 62. Kd6 Ka6 63. Kc5 Ka7 64. Kxb5 Kb7 65. Kc5 Ka7 66. b5 Kb7 67. b6 Ka6 68. Nb4+ Ka5 69. b7 Ka4 70. b8=Q Ka5 71. Nc6+ Ka4 72. Qb4# 1-0


[Site "https://www.chess.com"]

[Event "Titled Tuesday Blitz March 29 Early 2022"]
[White "Tristan, Leonardo"]
[Black "Kozak, Antoni"]
[WhiteFideId "113816"]
[BlackFideId "21832030"]
[WhiteElo "2404"]
[BlackElo "2236"]
[Result "1-0"]
[Round "05"]
[TimeControl "180+1"]
[Date "2022.03.29"]
[WhiteClock "0:00:15"]
[BlackClock "0:00:03"]

1. d4 d5 2. Nf3 Nf6 3. Bf4 c5 4. e3 cxd4 5. exd4 Nc6 6. Nbd2 Bf5 7. Bb5 e6 8. Ne5 Qc8 9. c4 a6 10. Bxc6+ bxc6 11. c5 Be7 12. Qa4 O-O 13. Nxc6 Re8 14. O-O Bf8 15. Ne5 a5 16. h3 Qa6 17. Rfc1 Rab8 18. Nb3 Qe2 19. Qxa5 Qxb2 20. Qc3 Qe2 21. Re1 Qa6 22. Qa5 Qc8 23. Rec1 Ra8 24. Qb5 h6 25. Na5 Re7 26. Nec6 Rd7 27. a4 Ne4 28. f3 Nf6 29. Ra3 Ne8 30. Rb3 Nc7 31. Qb7 Na6 32. Qxc8 Rxc8 33. Ne5 Ra7 34. Nac6 Raa8 35. Rb6 f6 36. Nd7 h5 37. g4 hxg4 38. hxg4 Bg6 39. a5 Be8 40. Ndb8 Nxb8 41. Nxb8 Rxa5 42. Rxe6 Bf7 43. Rc6 Re8 44. Nd7 Ra2 45. Nxf8 Kxf8 46. Rb6 Ree2 47. Rb8+ Be8 48. c6 Rg2+ 49. Kh1 Rgc2 50. Rxc2 Rxc2 51. c7 1-0


[Site "https://www.chess.com"]

[Event "Titled Tuesday Blitz March 29 Early 2022"]
[White "Tsvetkov, Andrey"]
[Black "Paravyan, David"]
[WhiteFideId "34139360"]
[BlackFideId "4194985"]
[WhiteElo "2280"]
[BlackElo "2569"]
[Result "0-1"]
[Round "05"]
[TimeControl "180+1"]
[Date "2022.03.29"]
[WhiteClock "0:00:52"]
[BlackClock "0:01:33"]

1. d4 Nf6 2. c4 g6 3. Nc3 d5 4. h4 c5 5. cxd5 Nxd5 6. Na4 Nc6 7. e4 Ndb4 8. a3 Na6 9. d5 Nd4 10. Nxc5 Qa5+ 11. b4 Nxb4 12. axb4 Qxa1 13. Nf3 Qc3+ 14. Bd2 Nc2+ 15. Ke2 Qc4+ 16. Nd3 Qxe4+ 17. Be3 Nxe3 18. fxe3 Bh6 19. Qc1 O-O 0-1


[Site "https://www.chess.com"]

[Event "Titled Tuesday Blitz March 29 Early 2022"]
[White "Tsyhanchuk, Stanislav"]
[Black "Tabatabaei, M. Amin"]
[WhiteFideId "13505130"]
[BlackFideId "12521213"]
[WhiteElo "2078"]
[BlackElo "2544"]
[Result "0-1"]
[Round "05"]
[TimeControl "180+1"]
[Date "2022.03.29"]
[WhiteClock "0:00:01"]
[BlackClock "0:00:37"]

1. e4 c6 2. d4 d5 3. e5 Bf5 4. h4 h6 5. g4 Be4 6. f3 Bh7 7. h5 e6 8. Bd3 Bxd3 9. Qxd3 c5 10. c3 Qb6 11. f4 Qa6 12. Qxa6 Nxa6 13. Nf3 Ne7 14. Be3 Nc6 15. Ke2 Be7 16. Nbd2 Rc8 17. dxc5 Nxc5 18. Nd4 Kd7 19. Rac1 f6 20. Nxc6 Rxc6 21. Bxc5 Rxc5 22. exf6 gxf6 23. Nf3 Bd6 24. f5 e5 25. Nh4 Rhc8 26. Ng6 b5 27. a3 a5 28. Kd2 e4 29. Rhf1 b4 30. axb4 axb4 31. g5 fxg5 32. f6 bxc3+ 33. bxc3 d4 34. f7 dxc3+ 35. Ke3 Bf8 36. Kxe4 c2 37. Kf3 Rf5+ 38. Kg2 Rxf1 39. Kxf1 Ke6 40. Nxf8+ Rxf8 41. Rxc2 Rxf7+ 42. Kg2 Kf5 43. Kg3 Re7 44. Rf2+ Ke6 45. Re2+ Kf6 46. Rf2+ Kg7 47. Rd2 Re3+ 48. Kg2 Re4 49. Rd7+ Kg8 0-1


[Site "https://www.chess.com"]

[Event "Titled Tuesday Blitz March 29 Early 2022"]
[White "Tymrakiewicz, Rafal"]
[Black "Grebeniuk, Semen"]
[WhiteFideId "1108832"]
[BlackFideId "14117509"]
[WhiteElo "2205"]
[BlackElo "2234"]
[Result "1-0"]
[Round "05"]
[TimeControl "180+1"]
[Date "2022.03.30"]
[WhiteClock "0:00:14"]
[BlackClock "0:00:29"]

1. d4 f5 2. Bg5 g6 3. h4 Nh6 4. h5 Nf7 5. Bd2 Bg7 6. Nf3 d6 7. Nc3 e5 8. dxe5 dxe5 9. e4 Be6 10. hxg6 hxg6 11. Rxh8+ Bxh8 12. Bb5+ Nd7 13. Qe2 c6 14. Bc4 Qe7 15. O-O-O O-O-O 16. Be3 Nb6 17. Rxd8+ Nxd8 18. Bb3 Bf6 19. Qd3 f4 20. Bxb6 axb6 21. Bxe6+ Nxe6 22. Na4 b5 23. Nc3 Qc5 24. Nd1 g5 25. Nh2 Be7 26. Ng4 Kc7 27. Qc3 Qxc3 28. Nxc3 Bd6 29. Kd1 b4 30. Ne2 b5 31. Nc1 c5 32. Nd3 c4 33. Ndxe5 Nd4 34. c3 bxc3 35. bxc3 Ne6 36. Kc2 Nc5 37. f3 Kb6 38. Nf7 Ne6 39. Nxd6 Kc5 40. Nf5 b4 41. cxb4+ Kxb4 42. Ne5 Nc5 43. Nc6+ Kb5 44. Nfd4+ Kb6 45. Ne5 Ka5 46. Nxc4+ Kb4 47. Ne5 Nb7 48. Nd3+ Kc4 49. Ne2 Na5 50. Nb2+ Kc5 51. Kc3 Nc6 52. a4 Ne7 53. Nd3+ Kb6 54. Nd4 Ng6 55. Nf5 Nh4 56. Nxh4 gxh4 57. Nxf4 Ka5 58. Nh3 Kxa4 59. e5 Kb5 60. f4 Kc6 61. f5 Kd7 62. e6+ Ke7 63. Kd4 Kf6 64. Kd5 Ke7 65. Ke5 Ke8 66. f6 Kf8 67. Kd6 Ke8 68. e7 Kf7 69. Kd7 Kxf6 70. e8=Q Kf5 71. Qe3 Kg4 72. Qf4+ Kh5 73. Qg5# 1-0


[Site "https://www.chess.com"]

[Event "Titled Tuesday Blitz March 29 Early 2022"]
[White "Vestby-Ellingsen, Mads"]
[Black "Petrova, Irina"]
[WhiteFideId "1520857"]
[BlackFideId "14124122"]
[WhiteElo "2232"]
[BlackElo "1993"]
[Result "1-0"]
[Round "05"]
[TimeControl "180+1"]
[Date "2022.03.30"]
[WhiteClock "0:00:08"]
[BlackClock "0:00:01"]

1. d4 d6 2. e4 Nf6 3. Nc3 e5 4. dxe5 dxe5 5. Qxd8+ Kxd8 6. Bc4 Ke8 7. f4 Bb4 8. fxe5 Nxe4 9. Ne2 Bg4 10. Bd5 Bxe2 11. Bxe4 Ba6 12. Bd2 Nd7 13. O-O-O c6 14. Bf4 Bxc3 15. bxc3 Nc5 16. Bf5 Ne6 17. Be3 Ke7 18. Bxe6 Kxe6 19. Rd6+ Kxe5 20. Rd7 Ke6 21. Rhd1 Bc4 22. R1d6+ Ke5 23. Bd4+ Kf5 24. Rxb7 Bxa2 25. Rxc6 Rhc8 26. Rxc8 Rxc8 27. Rxa7 Be6 28. Ra5+ Kg6 29. Kd2 f6 30. Ra7 h5 31. h4 Bd5 32. g3 Bc4 33. Rd7 Be6 34. Re7 Bf5 35. Ra7 Be6 36. Ra4 Bc4 37. Rb4 Be6 38. Be3 Bc4 39. Bf4 Be6 40. Kd3 Bf5+ 41. Ke3 Bxc2 42. c4 Bf5 43. Bd6 Be6 44. c5 Bd5 45. Ra4 Kf5 46. Ra7 g5 47. Rh7 gxh4 48. Rxh5+ Ke6 49. gxh4 Rg8 50. Rh7 Ra8 51. Kd4 Ra4+ 52. Kc3 Rc4+ 53. Kd3 Ra4 54. Rh6 Be4+ 55. Ke3 Bd5 56. Rh8 Re4+ 57. Kd3 Ra4 58. h5 Ra3+ 59. Kd4 Ra4+ 60. Kc3 Ra3+ 61. Kb4 Rb3+ 62. Ka4 Rh3 63. h6 Be4 64. Re8+ Kd5 65. Rh8 Bf5 66. Kb4 Kc6 67. Kc4 Be6+ 68. Kd4 f5 69. Ke5 Bd7 70. Rh7 Re3+ 71. Kf4 Re4+ 72. Kf3 Rh4 73. Rh8 1-0


[Site "https://www.chess.com"]